 Dungeon Crawl Stone Soup version 0.27-a0-1500-g450c7e4133 (webtiles) character file.

Game seed: 7879982651262206226

484 Demosthentine the Poker (level 7, -14/55 HPs)
             Began as a Merfolk Gladiator on July 8, 2021.
             Blown up by a goblin (24 damage)
             ... with a mindburst bolt
             ... on level 4 of the Dungeon.
             The game lasted 00:04:30 (4553 turns).

Demosthentine the Poker (Merfolk Gladiator)         Turns: 4553, Time: 00:04:30

Health: -14/55     AC:  5    Str: 16    XL:     7   Next: 12%
Magic:  7/7        EV: 14    Int:  8    God:
Gold:   85         SH:  0    Dex: 15    Spells: 6/6 levels left

rFire    . . .     SeeInvis .   a - +0 trident
rCold    . . .     Faith    .   (no shield)
rNeg     . . .     Spirit   .   b - +0 leather armour
rPois    .         Reflect  .   c - +0 helmet
rElec    .         Harm     .   (no cloak)
rCorr    .         Rampage  .   g - +0 pair of gloves
Will     .....                  (no boots)
Stlth    +.........             (no amulet)
HPRegen  0.18/turn              (no ring)
MPRegen  0.10/turn              (no ring)

@: no status effects
A: (nimble swimmer 2), mertail
a: no special abilities


You were on level 4 of the Dungeon.
You visited 1 branch of the dungeon, and saw 4 of its levels.

You collected 85 gold pieces.

Inventory:

Hand Weapons
 a - a +0 trident (weapon)
Missiles
 o - 8 curare-tipped darts (quivered)
Armour
 b - a +0 leather armour (worn)
 c - a +0 helmet (worn)
 g - a +0 pair of gloves (worn)
Wands
 d - a wand of digging (3)
 p - a wand of flame (14)
Scrolls
 j - a scroll of teleportation
Potions
 e - 2 potions of flight {unknown}
 f - 2 potions of curing
 h - a potion of mutation
 i - a potion of haste
 k - a potion of might
 l - a potion of lignification {unknown}
 m - a potion of attraction


   Skills:
 + Level 4.4 Fighting
 + Level 6.7 Polearms
 - Level 2.0 Throwing
 + Level 2.4 Armour
 + Level 6.2 Dodging


You had 6 spell levels left.
You didn't know any spells.
Your spell library contained the following spells:

 Spells                   Type           Power      Damage    Failure   Level
 Sublimation of Blood     Necr           0%         N/A       61%         2
 Frozen Ramparts          Ice            0%         1d2       83%         3
 Ice Form                 Ice/Tmut       0%         N/A       99%         4
 Petrify                  Tmut/Erth      0%         N/A       99%         4
 Summon Ice Beast         Ice/Summ       0%         N/A       99%         4
 Irradiate                Conj/Tmut      0%         3d13      100%        5


Dungeon Overview and Level Annotations

Branches:
Dungeon (4/15)
 Temple: D:4-7

Altars:
Gozag
Vehumet


Innate Abilities, Weirdness & Mutations

((You are quick and stealthy near water. (Stealth+, EV+, Speed+++)))
Your lower body shifts to a powerful aquatic tail in water.


Message History

The centaur barely misses you.
The centaur unwields a +0 shortbow.
The centaur hits you. The centaur closely misses you.
You puncture the centaur!
The centaur is heavily wounded.
The centaur hits you. The centaur barely misses you.
The centaur closely misses you. The centaur barely misses you.
The orc closely misses you.
Unknown command.
You puncture the centaur!
The centaur is severely wounded.
The centaur closely misses you. The centaur kicks you. The centaur hits you.
The centaur kicks you but does no damage.
The centaur hits you. The centaur closely misses you.
The orc barely misses you. The centaur misses you.
The centaur completely misses you.
You puncture the centaur!
You kill the centaur!
The goblin drinks a potion.
The goblin seems to grow stronger.
The centaur misses you. The centaur barely misses you.
The orc completely misses you.
You have reached level 7!
The centaur closely misses you. The centaur barely misses you.
The goblin unwields a +0 hunting sling.
The goblin wields a +0 dagger.
The goblin hits you but does no damage. The orc hits you with a +0 club.
Things that are here:
a +0 shortbow; 20 arrows Unknown command.
You barely miss the goblin. The centaur closely misses you. x2
The goblin closely misses you. The centaur barely misses you.
The centaur kicks you. The orc barely misses you.
You barely miss the goblin. The centaur hits you.
The centaur kicks you but does no damage.
The goblin hits you with a +0 dagger.
* * * LOW HITPOINT WARNING * * *
The orc misses you.
Unknown command.
You closely miss the goblin. The centaur hits you.
* * * LOW HITPOINT WARNING * * *
The centaur barely misses you.
The goblin zaps a wand.
Your mind is blasted!
You die...

#....## ..#
#.....####..# ..
#..........# ...#
#..<......#
.....###...(.....#
#..............#
.##.###).....#.#..
.... ##....[..## .
#..#...c@o<###..
#.......g.....#
##..#.##......#
#..##............
#..# #.............
.... #.............
....................
.....o.##.##....##.#
.....# ... #....


You could see a centaur, an orc and a goblin (strong).

Vanquished Creatures
  An ice beast (D:3)
  An ogre (D:4)
  A centaur (D:4)
  Blork the orc (D:4)
  Ijyb (D:3)
  Robin (D:3)
  4 adders
  A worm (D:2)
  A dart slug (D:1)
  7 orcs (D:3)
  4 ball pythons
  6 bats
  7 endoplasms
  2 giant cockroaches
  18 goblins
  6 hobgoblins
  2 jackals (D:2)
  A quokka (D:3)
  4 frilled lizards
  6 kobolds
  5 rats
80 creatures vanquished.

Notes
Turn   | Place    | Note
-------+----------+-------------------------------------------
     0 | D:1      | Demosthentine the Merfolk Gladiator began the quest for the
                  | Orb.
     0 | D:1      | Reached XP level 1. HP: 16/16 MP: 1/1
    42 | D:1      | Found a faded altar of an unknown god.
    84 | D:1      | Reached XP level 2. HP: 8/23 MP: 2/2
   844 | D:1      | Reached XP level 3. HP: 28/28 MP: 3/3
  1230 | D:2      | Reached skill level 5 in Polearms
  1394 | D:2      | Found a radiant altar of Vehumet.
  1398 | D:2      | Reached skill level 1 in Armour
  1779 | D:2      | Reached XP level 4. HP: 33/34 MP: 4/4
  2274 | D:3      | Noticed an ice beast
  2303 | D:3      | Killed an ice beast
  2304 | D:3      | Reached skill level 5 in Dodging
  2304 | D:3      | Reached XP level 5. HP: 19/41 MP: 5/5
  2683 | D:3      | Found an opulent altar of Gozag.
  2798 | D:3      | Noticed Robin
  2819 | D:3      | Killed Robin
  3233 | D:4      | Noticed Blork the orc
  3238 | D:4      | Reached XP level 6. HP: 47/48 MP: 6/6
  3247 | D:4      | Killed Blork the orc
  3497 | D:4      | Noticed Ijyb
  3980 | D:3      | Killed Ijyb
  4550 | D:4      | Reached XP level 7. HP: 25/55 MP: 7/7
  4553 | D:4      | Blown up by a goblin

Illustrated notes

Levels and vault maps discovered:
D:1:      kennysheep_arrival_seaside, layout_rooms,
          shapermc_ecumenical_altar_venn, minivault_26
D:2:      layout_loops_ring, basic_altar, st_stairs_9, minmay_parallelograms
D:3:      layout_basic, lemuel_coloured_pillars_altar, uniq_robin
D:4:      layout_cave_pools, serial_shops, shop, minmay_manual_mares,
          uniq_blork_the_orc, uniq_ijyb, uniq_sigmund

Skill      XL: |  1  2  3  4  5  6 |
---------------+-------------------+-----
Polearms       | 5 6 |  6.7
Armour         | 1 2 |  2.4
Fighting       | 3 4 |  4.4
Dodging        | 5 6 |  6.2
Throwing       | |  2.0

Action                   |  1- 3 |  4- 6 |  7- 9 || total
-------------------------+-------+-------+-------++-------
Melee: Trident           |   127 |   155 |     3 ||   285
Throw: Throwing net      |     1 |     3 |       ||     4
       Dart              |       |     1 |       ||     1
  Use: Scroll            |     2 |     4 |       ||     6
       Potion            |     1 |     1 |       ||     2
 Stab: Sleeping          |     3 |     3 |       ||     6
       Held in net/web   |       |     2 |       ||     2
Armor: Leather armour    |    33 |    33 |     2 ||    68
Dodge: Dodged            |    63 |   121 |     9 ||   193

Table legend: (Time is in decaauts)
 A = Elapsed time spent in this place.
 B = Non-inter-level travel time spent in this place.
 C = Inter-level travel time spent in this place.
 D = Time resting spent in this place.
 E = Time spent auto-exploring this place.
 F = Levels seen in this place.
 G = Mean time per level.
                   A        B        C        D        E       F      G
               +--------+--------+--------+--------+--------+-----+--------+
         Total |   4558 |   4445 |    113 |   1164 |   2635 |   4 | 1139.5 |
       Dungeon |   4558 |   4445 |    113 |   1164 |   2635 |   4 | 1139.5 |
               +--------+--------+--------+--------+--------+-----+--------+

Top non-repeatable levels by time:
     D:3: 2053 daAuts
     D:2: 1102 daAuts
     D:1: 1101 daAuts
     D:4: 301 daAuts
